 Dungeon Crawl Stone Soup version 0.23.2-33-g5129a83184 (webtiles) character file.

Game seed: 3136239425200634150

2338 DorianNounverber the Geomancer (level 9, -5/53 HPs)
             Began as a Gargoyle Earth Elementalist on July 16, 2019.
             Was a Follower of Vehumet.
             Slain by an orc warrior
             ... wielding a +0 glaive
              (25 damage)
             ... on level 7 of the Dungeon.
             The game lasted 00:19:59 (7287 turns).

DorianNounverber the Geomancer (GrEE)               Turns: 7287, Time: 00:19:59

Health: -5/53      AC: 13    Str: 12    XL:     9   Next: 43%
Magic:  6/18       EV: 13    Int: 19    God:    Vehumet [*.....]
Gold:   285        SH:  0    Dex: 10    Spells: 7/20 levels left

rFire    + + .     SeeInvis .   L - +10 mace "Esaap" {drain, rF+}
rCold    + + .     Gourm    .   (no shield)
rNeg     + + .     Faith    .   C - +1 robe {rN+}
rPois    ∞         Spirit   .   (no helmet)
rElec    +         Reflect  .   m - scarf {rC+ rF+}
rCorr    .         Harm     .   (no gloves)
MR       .....                  z - +2 pair of boots
Stlth    ++........             (no amulet)
HPRegen  0.17/turn              o - ring of protection from cold
MPRegen  0.16/turn              y - +1 ring of protection

@: no status effects
A: negative energy resistance 1, electricity resistance, unbreathing,
petrification resistance, rot immunity, AC +6
a: Renounce Religion


You were on level 7 of the Dungeon.
You worshipped Vehumet.
Vehumet was aware of your devotion.
You were not hungry.

You visited 2 branches of the dungeon, and saw 8 of its levels.

You collected 285 gold pieces.

Inventory:

Hand Weapons
 h - a +0 club
 l - a +2 dagger of holy wrath
 u - a +0 quarterstaff
 x - a +1 whip of electrocution
 B - a +1 mace of holy wrath
 J - a +3 quarterstaff of chaos
 L - the +10 mace "Esaap" (weapon) {drain, rF+}
   (You found it on level 7 of the Dungeon)

   A truly terrible weapon, it drains the life of those it strikes.
   It protects you from fire.
Missiles
 b - 13 stones (quivered)
 D - 3 javelins
 F - 5 tomahawks
 I - 3 throwing nets
Armour
 c - a +0 robe
 f - a +0 large shield
 m - a scarf of resistance (worn)
 v - a +0 pair of boots
 z - a +2 pair of boots (worn)
 C - a +1 robe of positive energy (worn)
 K - a +0 cloak
Jewellery
 o - a ring of protection from cold (left hand)
 y - a +1 ring of protection (right hand)
 H - a cursed -6 ring of intelligence {unknown}
 M - an uncursed ring of protection from magic {unknown}
Wands
 w - a wand of acid (6)
Scrolls
 a - 3 scrolls of amnesia
 g - 3 scrolls of teleportation
 n - 4 scrolls of fear
 p - 3 scrolls of identify
 r - 5 scrolls of fog
 s - 2 scrolls of magic mapping
 A - a scroll of blinking {unknown}
 E - a scroll of enchant armour {unknown}
 G - 2 scrolls of immolation {unknown}
 N - a scroll of remove curse
Potions
 e - 6 potions of flight {unknown}
 i - a potion of berserk rage {unknown}
 j - 2 potions of heal wounds {unknown}
 k - a potion of ambrosia {unknown}
 q - 3 potions of curing {unknown}
 t - a potion of might {unknown}
Comestibles
 d - 7 rations


   Skills:
 + Level 4.8 Fighting
 + Level 0.1 Maces & Flails
 + Level 4.0 Dodging
 - Level 2.1 Stealth
 * Level 6.2 Spellcasting
 + Level 4.1 Conjurations
 - Level 0.7 Transmutations
 * Level 8.7 Earth Magic
 + Level 2.3 Evocations


You had 7 spell levels left.
You knew the following spells:

 Your Spells              Type           Power        Failure   Level  Hunger
a - Sandblast             Erth           #####.       1%          1    None
b - Stone Arrow           Conj/Erth      ####..       2%          3    ##.....
c - Petrify               Tmut/Erth      ###.....     16%         4    ####...
d - Lee's Rapid Deconstr  Erth           #####.....   9%          5    #####..

Your spell library contained the following spells:

 Spells                   Type           Power        Failure   Level  Hunger
 Freeze                   Ice            #...         11%         1    None
 Passwall                 Tmut/Erth      ###.....     2%          2    None


Dungeon Overview and Level Annotations

Branches:
Dungeon (7/15)             Temple (1/1) D:4

Altars:
Elyvilon
Fedhas
Gozag
Kikubaaqudgha
Makhleb
Qazlal
Sif Muna
Vehumet
Xom
Yredelemnul

Annotations:
D:5 1 exclusion


Innate Abilities, Weirdness & Mutations

You are resistant to torment.
Your stone body is resilient. (AC +6)
You are immune to poison.
You resist negative energy. (rN+)
You are resistant to electric shocks. (rElec)
You can survive without breathing.
You are immune to petrification.
You are immune to rotting.


Message History

Confirm with . or Enter, or press ? or * to list all spells.
Aiming: Sandblast (safe; 1% risk of failure)
Press: ? - help, Shift-Dir - straight line, f/p - orc warrior
Aim: an orc warrior, wielding a +0 glaive and wearing a +0 chain mail (almost dead)
The blast of sand hits the orc warrior but does no damage.
The orc warrior is almost dead.
b - 14 stones The shadow imp hits you but does no damage.
The orc warrior hits you from afar with a +0 glaive!
Casting: Sandblast (safe; 1% risk of failure)
Confirm with . or Enter, or press ? or * to list all spells.
Aiming: Sandblast (safe; 1% risk of failure)
Press: ? - help, Shift-Dir - straight line, f/p - orc warrior
Aim: an orc warrior, wielding a +0 glaive and wearing a +0 chain mail (almost dead)
The blast of sand hits the orc warrior but does no damage.
The orc warrior is almost dead.
b - 13 stones The shadow imp hits you but does no damage.
The orc warrior hits you from afar with a +0 glaive!!
You die...

#.# ##.#.#.#....##.#..# #.#
#.#.#.#..#.##.#..# #.#
#.#.#....<....#..# #.#
#.#.###########..# #.# #.#
.........o# #.#
#.##############.#
#.#####.#<...........#.#
#>.........5........)#.# .
#####.#.#.@)o).......#.#...
#.#.#.###..#.......'...
#.#.#.# #....#####.#...
#.#.#.# ###### ###...
###########.#.#.. ..
............#.### ..
#########...#.. .
#...(...'...# .
#.#######...#


You could see an orc warrior and a shadow imp.

Vanquished Creatures
  Harold (D:7)
  An orc warrior (D:6)
  A necrophage (D:4)
  5 ogres
  Blork the orc (D:5)
  A bullfrog (D:6)
  3 scorpions
  A howler monkey (D:6)
  A crimson imp (D:5)
  2 hounds (D:4)
  2 orc priests
  Crazy Yiuf (D:7)
  5 orc wizards
  3 iguanas
  3 worker ants
  A hound skeleton (D:6)
  A howler monkey zombie (D:6)
  3 gnolls (D:5)
  7 adders
  A shadow imp (D:5)
  2 adder skeletons
  3 worms
  2 dart slugs
  3 leopard geckos
  14 orcs
  3 ball pythons
  3 giant cockroaches
  5 goblins
  11 hobgoblins
  4 jackals (D:2)
  3 quokkas
  10 bats
  6 frilled lizards
  A giant cockroach zombie (D:5)
  8 kobolds
  A leopard gecko skeleton (D:7)
  A quokka zombie (D:6)
  8 rats
132 creatures vanquished.

Notes
Turn   | Place    | Note
-------+----------+-------------------------------------------
     0 | D:1      | DorianNounverber the Gargoyle Earth Elementalist began the
                  | quest for the Orb.
     0 | D:1      | Reached XP level 1. HP: 10/10 MP: 3/3
   250 | D:1      | Reached XP level 2. HP: 3/15 MP: 3/5
   514 | D:1      | Reached skill level 4 in Earth Magic
  1071 | D:1      | Reached XP level 3. HP: 13/20 MP: 3/6
  1104 | D:1      | Reached skill level 1 in Fighting
  2113 | D:2      | Reached XP level 4. HP: 25/25 MP: 8/8
  2118 | D:2      | Learned a level 3 spell: Stone Arrow
  2123 | D:2      | Learned a level 4 spell: Petrify
  2355 | D:2      | Found an opulent altar of Gozag.
  2832 | D:3      | Reached skill level 5 in Earth Magic
  2832 | D:3      | Reached XP level 5. HP: 30/30 MP: 4/9
  3564 | D:4      | Noticed an ogre
  3574 | D:4      | Killed an ogre
  3574 | D:4      | Reached skill level 1 in Conjurations
  3574 | D:4      | Reached XP level 6. HP: 35/35 MP: 0/11
  3758 | D:4      | Reached skill level 6 in Earth Magic
  3758 | D:4      | Reached XP level 7. HP: 40/40 MP: 1/13
  3776 | D:4      | Learned a level 5 spell: Lee's Rapid Deconstruction
  4000 | D:4      | Found a burning altar of Makhleb.
  4300 | D:4      | Found a staircase to the Ecumenical Temple.
  4345 | Temple   | Entered the Ecumenical Temple
  4371 | Temple   | Became a worshipper of Vehumet
  4615 | D:5      | Entered Level 5 of the Dungeon
  4619 | D:5      | Reached XP level 8. HP: 45/46 MP: 5/15
  4992 | D:5      | Noticed Blork the orc
  5005 | D:5      | Killed Blork the orc
  5005 | D:5      | Reached skill level 7 in Earth Magic
  5241 | D:5      | Found a stormy altar of Qazlal.
  5653 | D:6      | Reached skill level 5 in Spellcasting
  6155 | D:6      | Reached skill level 1 in Evocations
  6392 | D:6      | Reached * piety under Vehumet
  6392 | D:6      | Offered knowledge of Freeze by Vehumet.
  7005 | D:7      | Noticed Harold
  7016 | D:7      | Killed Harold
  7016 | D:7      | Reached skill level 8 in Earth Magic
  7016 | D:7      | Reached XP level 9. HP: 44/52 MP: 3/18
  7119 | D:7      | Found a runed translucent door.
  7120 | D:7      | Noticed Crazy Yiuf
  7125 | D:7      | Killed Crazy Yiuf
  7131 | D:7      | Got a pitted mace
  7132 | D:7      | Identified the +10 mace "Esaap" {drain, rF+} (You found it
                  | on level 7 of the Dungeon)
  7287 | D:7      | Slain by an orc warrior

Skill      XL: |  1  2  3  4  5  6  7  8 |
---------------+-------------------------+-----
Earth Magic    | 4 5 6 8 |  8.7
Fighting       | 1 2 3 4 |  4.8
Dodging        | 2 3 4 |  4.0
Spellcasting   | 3 4 6 |  6.2
Conjurations   | 1 2 4 |  4.1
Evocations     | 2 |  2.3
Maces & Flails | |  0.1
Stealth        | |  2.1
Transmutations | |  0.7

Action                   |  1- 3 |  4- 6 |  7- 9 || total
-------------------------+-------+-------+-------++-------
Melee: Spear             |    22 |       |       ||    22
       Unarmed           |    15 |       |       ||    15
       Club              |    40 |       |       ||    40
       Dagger            |    32 |    43 |    15 ||    90
       Whip              |       |       |    28 ||    28
       Mace              |       |       |    46 ||    46
 Cast: Sandblast         |    20 |    34 |    38 ||    92
       Stone Arrow       |       |    11 |    72 ||    83
       Lee's Rapid Decon |       |       |     2 ||     2
  Use: Scroll            |       |       |     7 ||     7
 Stab: Sleeping          |     1 |     1 |       ||     2
  Eat: Chunk             |     4 |     3 |     7 ||    14
       Ration            |       |     1 |     3 ||     4
Armor: Robe              |    42 |    13 |    59 ||   114
Dodge: Dodged            |    65 |    38 |    70 ||   173
